 Dungeon Crawl Stone Soup version 0.24.1-14-gf8d2b509d9 (console) character file.

Game seed: 17018558299669129653, levelgen mode: deterministic

509 Kagalorn the Skirmisher (level 6, -4/60 HPs)
             Began as a Minotaur Wanderer on July 22, 2021.
             Blown up by Ijyb (20 damage)
             ... with a disintegration bolt
             ... on level 4 of the Dungeon.
             The game lasted 00:10:11 (4660 turns).

Kagalorn the Skirmisher (Minotaur Wanderer)         Turns: 4660, Time: 00:10:12

Health: -4/60      AC: 11    Str: 19    XL:     6   Next: 98%
Magic:  5/5        EV:  9    Int: 11    God:
Gold:   137        SH:  0    Dex:  7    Spells: 5/5 levels left

rFire    . . .     SeeInvis .   a - +0 hand axe
rCold    . . .     Gourm    .   (no shield)
rNeg     . . .     Faith    .   q - +0 chain mail
rPois    .         Spirit   .   (helmet restricted)
rElec    .         Reflect  .   j - +0 cloak
rCorr    .         Harm     .   (no gloves)
MR       .....                  (no boots)
Stlth    ..........             (no amulet)
HPRegen  0.20/turn              (no ring)
MPRegen  0.09/turn              (no ring)

@: no status effects
A: retaliatory headbutt, horns 2
a: no special abilities


You were on level 4 of the Dungeon.
You were not hungry.

You visited 1 branch of the dungeon, and saw 4 of its levels.
You also visited: Sewer.

You collected 137 gold pieces.

Inventory:

Hand Weapons
 a - a +0 hand axe (weapon)
 b - a +2 hand crossbow
Missiles
 c - 18 bolts
 r - a throwing net (quivered)
 s - 23 stones
 t - 54 sling bullets
Armour
 j - a +0 cloak (worn)
 q - a +0 chain mail (worn)
Jewellery
 d - an uncursed ring of fire
Scrolls
 f - a scroll of remove curse {unknown}
 h - a scroll of fog {unknown}
 k - 2 scrolls of enchant weapon {unknown}
 l - 2 scrolls of fear
 p - a scroll of teleportation
Potions
 e - 2 potions of curing
 i - 2 potions of haste
 m - a potion of brilliance
 n - 4 potions of might
 v - 2 potions of flight
 w - a potion of invisibility
Comestibles
 g - 5 rations


   Skills:
 + Level 7.0 Fighting
 - Level 1.1 Crossbows
 + Level 5.1 Armour
 + Level 4.6 Dodging
 - Level 1.0 Stealth
   Level 1.2 Shields
   Level 1.0 Evocations


You had 5 spell levels left.
You didn't know any spells.
Your spell library was empty.

Dungeon Overview and Level Annotations

Branches:
Dungeon (4/15)              Sewer (visited)
 Temple: D:4-7

Altars:
Cheibriados
Qazlal
Sif Muna

Annotations:
D:4 Ijyb


Innate Abilities, Weirdness & Mutations

You reflexively headbutt those who attack you in melee.
You have a pair of horns on your head.


Message History

Ijyb is almost dead.
Ijyb hits you but does no damage.
You closely miss Ijyb.
Ijyb is almost dead.
Ijyb hits you but does no damage. x2
You closely miss Ijyb. Your headbutt misses Ijyb.
Ijyb is almost dead.
Ijyb hits you but does no damage.
You hit Ijyb but do no damage. Your headbutt misses Ijyb.
Ijyb is almost dead.
Ijyb closely misses you.
You closely miss Ijyb.
Ijyb is almost dead.
Ijyb hits you with a +0 dagger.
Ijyb zaps a wand.
You are blasted!
* * * LOW HITPOINT WARNING * * *
You aren't carrying any items that you can evoke.
Your chain mail prevents you from hitting Ijyb.
Ijyb is almost dead.
Ijyb zaps a wand.
You are blasted!
You die...

# ## #### # #. ..# #
.. #.###### # #.
#.##...# # #?
#....#.# # #.
#.##..>#
#g#####.###.##
#.@.....# #.#######
#.......### #........
####.################
####.### #...........
#......# #......#####
###....#.#
#.......#...
#........#
#.......#.##
#........#
#...........
#........#
#......##.##


You could see Ijyb.

Vanquished Creatures
  Purgy (Sewer)
  A scorpion (D:4)
  2 hounds (D:4)
  An orc wizard (D:4)
  A centaur skeleton (D:4)
  Terence (D:2)
  An iguana (D:2)
  Robin (D:1)
  7 adders
  A river rat (D:4)
  4 worms
  4 dart slugs
  2 leopard geckos
  2 orcs (D:3)
  3 giant cockroaches
  16 goblins
  12 hobgoblins
  5 jackals
  13 kobolds
  A quokka (D:2)
  A ball python (D:3)
  12 bats
  4 frilled lizards
  5 rats (D:1)
101 creatures vanquished.

Notes
Turn   | Place    | Note
-------+----------+-------------------------------------------
     0 | D:1      | Kagalorn the Minotaur Wanderer began the quest for the Orb.
     0 | D:1      | Kagalorn set off with the following items: a +2 hand
                  | crossbow, 20 bolts, a +0 shortbow, 24 arrows, a potion of
                  | curing, a +0 robe, a ration
     0 | D:1      | Reached XP level 1. HP: 22/22 MP: 0/0
   214 | D:1      | Reached skill level 5 in Fighting
   232 | D:1      | Reached XP level 2. HP: 20/29 MP: 1/1
   677 | D:1      | Reached XP level 3. HP: 21/36 MP: 2/2
  1419 | D:2      | Noticed Robin
  1462 | D:1      | Killed Robin
  1462 | D:1      | Reached XP level 4. HP: 40/42 MP: 3/3
  2468 | D:2      | Noticed Terence
  2492 | D:2      | Killed Terence
  2492 | D:2      | Reached skill level 6 in Fighting
  2492 | D:2      | Reached XP level 5. HP: 29/50 MP: 4/4
  2581 | D:2      | Found a snail-covered altar of Cheibriados.
  2583 | D:2      | Found a stormy altar of Qazlal.
  3590 | D:4      | Reached XP level 6. HP: 46/58 MP: 5/5
  3820 | D:4      | Found a glowing drain.
  3847 | Sewer    | Entered a sewer
  3914 | Sewer    | Noticed Purgy
  3948 | Sewer    | Killed Purgy
  4212 | D:4      | Reached skill level 5 in Armour
  4400 | D:4      | Found a shimmering blue altar of Sif Muna.
  4433 | D:4      | Reached skill level 7 in Fighting
  4632 | D:4      | Noticed Ijyb
  4660 | D:4      | Blown up by Ijyb

Levels and vault maps discovered:
D:1:      scummos_arrival_hexagon, layout_basic, minmay_pentomino_t2
D:2:      layout_loops_ring, nicolae_overflow_hidden_temple, uniq_terence,
          uniq_robin
D:3:      layout_basic, first_ration
D:4:      layout_loops_cross, led_sif_book, gup_sewer_entry_bowl, uniq_ijyb

Skill      XL: |  1  2  3  4  5  6 |
---------------+-------------------+-----
Fighting       | 5 6 7 |  7.0
Armour         | 2 3 4 5 |  5.1
Dodging        | 2 3 4 |  4.6
Crossbows      | |  1.1
Stealth        | |  1.0
Shields        | |  1.2
Evocations     | |  1.0

Action                   |  1- 3 |  4- 6 || total
-------------------------+-------+-------++-------
Melee: Unarmed           |   184 |   130 ||   314
       Headbutt          |    18 |    45 ||    63
       Hand axe          |       |   176 ||   176
 Fire: Hand crossbow     |     4 |     8 ||    12
Throw: Throwing net      |       |     1 ||     1
  Use: Scroll            |       |     9 ||     9
       Potion            |       |     2 ||     2
 Stab: Held in net/web   |       |     2 ||     2
  Eat: Chunk             |     2 |     5 ||     7
       Ration            |       |     2 ||     2
Armor: Robe              |    26 |       ||    26
       Ring mail         |    23 |    42 ||    65
       Chain mail        |       |   111 ||   111
Dodge: Dodged            |   135 |   148 ||   283
